 Dungeon Crawl Stone Soup version 0.30-a0-165-g1891117ce2 (webtiles) character file.

Game seed: 9662723658106081754

1023 qw the Chopper (level 8, -4/51 HPs)
             Began as a Gargoyle Fighter on Sept 28, 2022.
             Slain by a killer bee (6 damage)
             ... on level 5 of the Dungeon.
             The game lasted 00:02:02 (5299 turns).

qw the Chopper (Gargoyle Fighter)                   Turns: 5299, Time: 00:02:02

Health: -4/51      AC: 19    Str: 21    XL:     8   Next: 22%
Magic:  8/8        EV:  7    Int: 12    God:
Gold:   678        SH:  4    Dex:  9    Spells: 7/7 levels left

rFire   . . .      SeeInvis .    Y - +0 war axe
rCold   . . .      Faith    .    c - +0 buckler
rNeg    + . .      Spirit   .    m - +0 chain mail
rPois   inf        Reflect  .    l - +2 helmet
rElec   +          Harm     .    (no cloak)
rCorr   .          Rampage  .    k - +0 pair of gloves of the Wild Haggis {Int+2}
Will    .....                    (no boots)
Stlth   ..........               (no amulet)
HPRegen 0.17/turn                (no ring)
MPRegen 0.11/turn                (no ring)

@: no status effects
A: sickness immunity, AC +5, negative energy resistance 1, electricity
resistance, torment resistance 1, petrification resistance
a: no special abilities


You were on level 5 of the Dungeon.
You visited 1 branch of the dungeon, and saw 5 of its levels.
You also visited: Ossuary.

You collected 678 gold pieces.


Innate Abilities, Weirdness & Mutations

You are immune to sickness and miasma.
Your stone body is resilient. (AC +5)
You are immune to poison.
You resist negative energy. (rN+)
You are resistant to electric shocks. (rElec)
You are resistant to unholy torment.
You are immune to petrification.


   Skills:
 - Level 6.1 Fighting
 - Level 7.0 Axes
 + Level 3.7 Armour
 - Level 1.5 Dodging
 - Level 3.2 Shields


You had 7 spell levels left.
You didn't know any spells.
Your spell library was empty.

Inventory:

Hand Weapons
 a - a +0 flail
 Y - a +0 war axe (weapon)
Armour
 c - a +0 buckler (worn)
 k - the +0 pair of gloves of the Wild Haggis (worn) {Int+2}
   (You acquired it in an ossuary)

   Int:       It affects your intelligence (+2).
 l - a +2 helmet (worn)
 m - a +0 chain mail (worn)
Scrolls
 e - 2 scrolls of teleportation {unknown}
 g - a scroll of identify
Potions
 b - 4 potions of curing
 d - a potion of might
 f - a potion of cancellation
 i - a potion of flight {unknown}
 j - a potion of attraction

Dungeon Overview and Level Annotations

Branches:
Dungeon (5/15)            Ossuary (visited)
 Temple: D:4-7

Altars:
Nemelex Xobeh
Zin

Shops:
D:1 ?   D:4 *

Annotations:
D:5 2 transporters, Edmund; qw's ghost, novice GrFi


Message History

The killer bee barely misses you.
The killer bee stings you but does no damage.
Edmund the Younger comes into view.
He is wielding a +1 flail of protection.
Edmund shouts!
You hit the killer bee but do no damage.
The killer bee is heavily wounded.
You miss the killer bee. You slash the killer bee!
You closely miss the killer bee. You hit the killer bee.
The killer bee stings you but does no damage.
The killer bee stings you.
The killer bee stings you but does no damage.
The killer bee closely misses you. The killer bee barely misses you.
The killer bee stings you.
The killer bee stings you but does no damage.
You block the killer bee's attack.
The killer bee stings you but does no damage. x4
The killer bee closely misses you. You block the killer bee's attack.
The killer bee stings you but does no damage.
You closely miss the killer bee.
The killer bee is almost dead.
You hit the killer bee but do no damage.
You closely miss the killer bee. x2; You miss the killer bee.
The killer bee closely misses you.
The killer bee stings you but does no damage.
The killer bee barely misses you. x2
The killer bee stings you but does no damage.
An orc comes into view. It is wielding a +0 mace.
The killer bee stings you. You block the killer bee's attack.
The killer bee stings you.
The killer bee stings you but does no damage. x2
You miss the killer bee.
The killer bee is almost dead.
You miss the killer bee. x2
The orc shouts!
You hit the killer bee. You closely miss the killer bee.
You hear a shout! x2
The killer bee barely misses you.
The killer bee stings you but does no damage. x2
The killer bee barely misses you. The killer bee stings you.
You die...

#..#^.... ...?.#
#..#..... .....#
#..#.$### ###ZW#
#..#..#8# #8#.Z#
###..#$....
....Z#
###...^#$....
.....#
###......#$....
.....#
###........#..#8#
#8#..#
......y@y..#..# #
# #..#
<.....yyy..#....
....#
.......y...#.....
.....#
...........######
######
............. ..
.......@...... ..
...........#### .
.......o...# .


You could see Edmund, 6 killer bees and an orc.

Vanquished Creatures
  Grinder (D:5)
  Menkaure (D:5)
  An elf zombie (Ossuary)
  2 scorpions (D:4)
  A hound (D:4)
  A centaur zombie (Ossuary)
  2 orc priests
  2 human zombies (Ossuary)
  4 iguanas (D:5)
  Natasha (twice) (D:2)
  2 mummies (Ossuary)
  4 adders
  2 adder zombies (Ossuary)
  3 worms
  A dart slug (D:5)
  7 orcs
  3 bats
  8 endoplasms
  3 giant cockroaches
  5 goblins
  11 hobgoblins
  12 jackals
  2 quokkas
  5 ball pythons
  4 frilled lizards
  2 goblin zombies (Ossuary)
  10 hobgoblin zombies (Ossuary)
  2 jackal zombies (Ossuary)
  6 kobolds
  11 kobold zombies (Ossuary)
  6 orc zombies (Ossuary)
  5 rats
131 creatures vanquished.

Notes
Turn   | Place    | Note
-------+----------+-------------------------------------------
     0 | D:1      | qw the Gargoyle Fighter began the quest for the Orb.
     0 | D:1      | Reached XP level 1. HP: 14/14 MP: 1/1
     0 | D:1      | 0 ||| qw: Version: 0.2-a-12-gaebbb33
     0 | D:1      | 0 ||| qw: Game counter: 923
     0 | D:1      | 0 ||| qw: Always use a shield: true
     0 | D:1      | 0 ||| qw: God list: Okawaru
     0 | D:1      | 0 ||| qw: Allow faded altars: false
     0 | D:1      | 0 ||| qw: Do Orc after D:15 true
     0 | D:1      | 0 ||| qw: Do second Lair branch before Depths: true
     0 | D:1      | 0 ||| qw: Lair rune preference: random
     0 | D:1      | 0 ||| qw: Plans: Normal, Zot:1-4, God:TSO, Crypt, Tomb,
                  | Pan, Slime:5, Hells, Abyss, Orb
     0 | D:1      | 0 ||| PLANNING D:1-11
   124 | D:1      | Reached skill level 2 in Axes
   135 | D:1      | Found a faded altar of an unknown god.
   338 | D:1      | Reached XP level 2. HP: 19/19 MP: 2/2
   357 | D:1      | Found Odautwi's Magic Scroll Shop.
   362 | D:1      | 362 ||| SHOPLISTING scroll of teleportation (42 gold, have
                  | 39).
   607 | D:1      | 607 ||| Stepping ~*~*~tactically~*~*~ (stealth).
   610 | D:1      | Reached skill level 3 in Axes
   617 | D:1      | Reached XP level 3. HP: 22/23 MP: 3/3
  1052 | D:1      | 1052 ||| UPGRADING to +0 helmet.
  1057 | D:1      | 1057 ||| UPGRADING to +0 chain mail.
  1067 | D:1      | 1067 ||| DROPPING +0 scale mail.
  1068 | D:1      | 1068 ||| DROPPING amulet of magic regeneration.
  1069 | D:1      | 1069 ||| READING scroll labelled PAMYEG GOAKKU.
  1070 | D:1      | 1070 ||| READING scroll labelled GOAHUCRYRPH.
  1071 | D:1      | 1071 ||| READING scroll labelled VIFUTS WO QOAPN.
  1283 | D:2      | 1283 ||| Stepping ~*~*~tactically~*~*~ (stealth).
  1284 | D:2      | 1284 ||| Stepping ~*~*~tactically~*~*~ (stealth).
  1339 | D:2      | 1339 ||| Stepping ~*~*~tactically~*~*~ (stealth).
  1348 | D:2      | 1348 ||| Stepping ~*~*~tactically~*~*~ (stealth).
  1349 | D:2      | 1349 ||| Stepping ~*~*~tactically~*~*~ (stealth).
  1503 | D:2      | 1503 ||| Stepping ~*~*~tactically~*~*~ (stealth).
  1509 | D:2      | 1509 ||| Stepping ~*~*~tactically~*~*~ (stealth).
  1510 | D:2      | 1510 ||| Stepping ~*~*~tactically~*~*~ (stealth).
  1640 | D:2      | 1640 ||| Stepping ~*~*~tactically~*~*~ (stealth).
  1655 | D:2      | Reached XP level 4. HP: 19/28 MP: 4/4
  1713 | D:2      | 1713 ||| Stepping ~*~*~tactically~*~*~ (stealth).
  1717 | D:2      | 1717 ||| Stepping ~*~*~tactically~*~*~ (stealth).
  1721 | D:2      | 1721 ||| Stepping ~*~*~tactically~*~*~ (stealth).
  1722 | D:2      | 1722 ||| Stepping ~*~*~tactically~*~*~ (stealth).
  1904 | D:2      | Reached skill level 4 in Axes
  1911 | D:2      | Noticed Natasha
  1915 | D:2      | Killed Natasha
  1975 | D:2      | 1975 ||| DROPPING orb of mayhem.
  1976 | D:2      | 1976 ||| DROPPING orb of light.
  1977 | D:2      | 1977 ||| READING scroll labelled LECZOMPA KOUT.
  2060 | D:2      | Noticed Natasha
  2072 | D:2      | Killed Natasha
  2073 | D:2      | Reached XP level 5. HP: 29/32 MP: 5/5
  2100 | D:2      | 2100 ||| READING scroll labelled URPHE CEHICIC.
  2117 | D:3      | 2117 ||| STAIRDANCE
  2126 | D:3      | 2126 ||| Stepping ~*~*~tactically~*~*~ (hiding).
  2128 | D:3      | 2128 ||| Stepping ~*~*~tactically~*~*~ (stealth).
  2139 | D:3      | Reached skill level 5 in Axes
  2224 | D:3      | 2224 ||| DROPPING +0 club.
  2256 | D:3      | 2256 ||| Stepping ~*~*~tactically~*~*~ (stealth).
  2257 | D:3      | 2257 ||| Stepping ~*~*~tactically~*~*~ (stealth).
  2476 | D:3      | Found a sparkling altar of Nemelex Xobeh.
  2593 | D:3      | 2593 ||| DROPPING +6 ring of intelligence.
  2594 | D:3      | 2594 ||| READING 3 scrolls labelled ZUSMARE NURA.
  2595 | D:3      | 2595 ||| READING 2 scrolls of enchant armour.
  2595 | D:3      | 2595 ||| ENCHANTING +0 helmet.
  2596 | D:3      | 2596 ||| READING scroll of enchant armour.
  2596 | D:3      | 2596 ||| ENCHANTING +1 helmet.
  2597 | D:3      | 2597 ||| READING scroll labelled QOTIUPHOAK.
  2598 | D:3      | 2598 ||| DRINKING 2 golden potions.
  2699 | D:3      | 2699 ||| DROPPING potion of ambrosia.
  2831 | D:4      | Found Zin's Purification Station.
  2838 | D:4      | Found a glowing silver altar of Zin.
  2843 | D:4      | Reached XP level 6. HP: 32/39 MP: 6/6
  2892 | D:4      | 2892 ||| SHOPLISTING potion of curing (90 gold, have 89).
  2928 | D:4      | HP: 7/39 [orc priest/+0 whip (5)]
  2933 | D:4      | 2933 ||| FLEEEEING.
  2934 | D:4      | 2934 ||| FLEEEEING.
  2935 | D:4      | 2935 ||| FLEEEEING.
  3419 | D:4      | 3419 ||| Stepping ~*~*~tactically~*~*~ (hiding).
  3420 | D:4      | 3420 ||| Stepping ~*~*~tactically~*~*~ (hiding).
  3422 | D:4      | 3422 ||| Stepping ~*~*~tactically~*~*~ (hiding).
  3703 | D:4      | 3703 ||| READING scroll labelled JAIMANILE.
  3704 | D:4      | 3704 ||| DRINKING 2 bubbling sapphire potions.
  3734 | D:5      | Entered Level 5 of the Dungeon
  3735 | D:5      | 3735 ||| PLANNING OSSUARY
  3738 | D:5      | 3738 ||| STAIRDANCE
  3811 | D:5      | Reached skill level 6 in Axes
  3833 | D:5      | Found a sand-covered staircase.
  3842 | Ossuary  | Entered an ossuary
  3941 | Ossuary  | Reached XP level 7. HP: 44/44 MP: 7/7
  3967 | Ossuary  | Reached skill level 1 in Dodging
  3972 | Ossuary  | HP: 11/44 [elf zombie (3)]
  3973 | Ossuary  | 3973 ||| DRINKING potion of heal wounds.
  4228 | Ossuary  | 4228 ||| READING 2 scrolls labelled KIMENY NELAMO.
  4228 | Ossuary  | Identified 2 scrolls of acquirement
  4228 | Ossuary  | 4228 ||| ACQUIRING +0 pair of gloves of the Wild Haggis
                  | {Int+2}
  4228 | Ossuary  | Acquired the +0 pair of gloves of the Wild Haggis {Int+2}
  4230 | Ossuary  | 4230 ||| UPGRADING to +0 pair of gloves of the Wild Haggis
                  | {Int+2}.
  4235 | Ossuary  | 4235 ||| READING scroll of acquirement.
  4235 | Ossuary  | 4235 ||| ACQUIRING 443 gold pieces
  4235 | Ossuary  | Acquired 443 gold pieces
  4237 | Ossuary  | 4237 ||| DRINKING 5 orange potions.
  4238 | Ossuary  | 4238 ||| DRINKING 2 coppery potions.
  4239 | Ossuary  | 4239 ||| READING 3 scrolls of identify.
  4239 | Ossuary  | 4239 ||| IDENTIFYING inky potion
  4240 | Ossuary  | 4240 ||| READING 2 scrolls of identify.
  4240 | Ossuary  | 4240 ||| IDENTIFYING fizzy orange potion
  4241 | Ossuary  | 4241 ||| DROPPING potion of berserk rage.
  4256 | D:5      | 4256 ||| PLANNING D:1-11
  4394 | D:5      | Noticed Menkaure
  4395 | D:5      | 4395 ||| FLEEEEING.
  4418 | D:5      | Killed Menkaure
  4419 | D:5      | Reached skill level 7 in Axes
  4648 | D:5      | Noticed Grinder
  4649 | D:5      | 4649 ||| Stepping ~*~*~tactically~*~*~ (hiding).
  4652 | D:5      | 4652 ||| Stepping ~*~*~tactically~*~*~ (hiding).
  4667 | D:5      | 4667 ||| FLEEEEING.
  4672 | D:5      | 4672 ||| FLEEEEING.
  4673 | D:5      | 4673 ||| FLEEEEING.
  4764 | D:5      | Paralysed by Grinder for 5 turns
  4769 | D:5      | 4769 ||| Stepping ~*~*~tactically~*~*~ (hiding).
  4772 | D:5      | Paralysed by Grinder for 5 turns
  4783 | D:5      | Killed Grinder
  4784 | D:5      | Reached skill level 6 in Fighting
  4784 | D:5      | Reached XP level 8. HP: 29/51 MP: 8/8
  5247 | D:5      | Found a transporter.
  5249 | D:5      | Noticed qw's ghost (novice GrFi)
  5281 | D:5      | Found a transporter.
  5296 | D:5      | Noticed Edmund
  5297 | D:5      | HP: 12/51 [killer bee (4)]
  5298 | D:5      | HP: 3/51 [killer bee (4)]
  5299 | D:5      | Slain by a killer bee

Levels and vault maps discovered:
D:1:      sevenhm_arrival_forest_fort_small_5, layout_basic, serial_shops,
          nicolae_shop_hallway_plus, ebering_ecumenical_altar_mist
D:2:      layout_rooms, feat_on_display, uniq_natasha
D:3:      layout_rooms, nemelex_xobeh_ov_fountains_minmay, serial_park_tiny_pond
D:4:      layout_basic, zin_purify
D:5:      layout_cave_pods, nicolae_ossuary_entry_ruins,
          gammafunk_ghost_mausoleum, uniq_duvessa, uniq_menkaure, uniq_grinder,
          uniq_edmund

Skill      XL: |  1  2  3  4  5  6  7 |
---------------+----------------------+-----
Axes           | 2 3 4 5 6 7 |  7.0
Fighting       | 4 6 |  6.1
Dodging        | 1 |  1.5
Armour         | |  3.7
Shields        | |  3.2

Action                   |  1- 3 |  4- 6 |  7- 9 || total
-------------------------+-------+-------+-------++-------
Melee: War axe           |   136 |   155 |    86 ||   377
  Use: Scroll            |     3 |     7 |     4 ||    14
       Potion            |       |     2 |     3 ||     5
Armor: Scale mail        |    48 |       |       ||    48
       Chain mail        |    36 |   100 |   107 ||   243
Dodge: Dodged            |    69 |    60 |    64 ||   193
Block: Buckler           |    34 |    26 |    20 ||    80

Table legend:
 A = Non-vault XP
 B = Vault XP
 C = Vault XP percentage of total XP
 D = Non-vault monster count
 E = Vault monster count
 F = Vault count percentage of total count
                 A         B        C        D         E       F
            +---------+---------+-------+---------+---------+-------
      Total |     680 |     782 |  53.5 |      89 |      42 |  32.1
            +---------+---------+-------+---------+---------+-------
        D:1 |      45 |       0 |   0.0 |      26 |       0 |   0.0
        D:2 |     100 |      35 |  25.9 |      28 |       1 |   3.4
        D:3 |      93 |       0 |   0.0 |      16 |       0 |   0.0
        D:4 |     294 |       0 |   0.0 |      14 |       0 |   0.0
        D:5 |     148 |     442 |  74.9 |       5 |       2 |  28.6
    Ossuary |       0 |     305 | 100.0 |       0 |      39 | 100.0
            +---------+---------+-------+---------+---------+-------
